 Dungeon Crawl Stone Soup version 0.19.1-1-g22dce08 (console) character file.

16939 Kloppie the Cleaver (level 12, -5/163 HPs)
             Began as a Demonspawn Berserker on Jan 12, 2017.
             Was a High Priest of Trog.
             Slain by a six-headed hydra (7 damage)
             ... on level 2 of the Lair of Beasts.
             The game lasted 00:24:36 (15638 turns).

Kloppie the Cleaver (Demonspawn Berserker)         Turns: 15638, Time: 00:24:36

Health: -5/163     AC: 18    Str: 22    XL:     12   Next: 14%
Magic:  0/10       EV: 11    Int:  9    God:    Trog [*****.]
Gold:   223        SH:  0    Dex: 17    Spells: 0 memorised, 11 levels left

rFire  + . .     SeeInvis .     b - +0 dire flail
rCold  . . .     Gourm    .     q - +1 scale mail of Ykolomaw {rF+} (curse)
rNeg   . . .     Faith    .     (shield currently unavailable)
rPois  +         Spirit   +     r - +0 helmet
rElec  .         Reflect  .     H - +0 cloak {rPois}
rCorr  .         Harm     .     (no gloves)
MR     .....                    l - +2 pair of boots "Bihucvur" {Int+3}
Stlth  ..........               t - amulet of guardian spirit
                                (no ring)
                                (no ring)

@: berserking, drained, very quick
A: talons 2, rugged brown scales 3, dopey 1, low mp 1, powered by pain 1, shaggy
fur 1, weak 1, rot immunity
a: Berserk, Trog's Hand, Brothers in Arms, Burn Spellbooks, Renounce Religion


You were on level 2 of the Lair of Beasts.
You worshipped Trog.
Trog was extremely pleased with you.
You were not hungry.

You visited 3 branches of the dungeon, and saw 15 of its levels.
You also visited: Sewer.

You collected 892 gold pieces.
You spent 669 gold pieces at shops.

Inventory:

Hand Weapons
 a - a +5 hand axe
 b - a +0 dire flail (weapon)
Armour
 l - the +2 pair of boots "Bihucvur" (worn) {Int+3}
   (You bought it in a shop on level 9 of the Dungeon)

   It affects your intelligence (+3).
 q - the cursed +1 scale mail of Ykolomaw (worn) {rF+}
   (You found it on level 1 of the Lair of Beasts)

   It protects you from fire.
   It has a curse placed upon it.
 r - a +0 helmet (worn)
 H - a +0 cloak of poison resistance (worn)
Jewellery
 t - an amulet of guardian spirit (around neck)
Wands
 n - a wand of random effects (29/48)
 p - a wand of teleportation (3/9)
 s - a wand of disintegration (13/24)
Scrolls
 d - 4 scrolls of recharging
 e - a scroll of magic mapping {unknown}
 h - 4 scrolls of teleportation
 i - a scroll of blinking {unknown}
 k - 3 scrolls of noise
 u - 4 scrolls of remove curse
 w - 2 scrolls of amnesia {unknown}
 z - 3 scrolls of fear {unknown}
 A - a scroll of enchant armour
 B - a scroll of enchant weapon {unknown}
 G - a scroll of fog
Potions
 m - 3 potions of flight
 x - a potion of curing
 C - 3 potions of berserk rage
 F - a potion of haste
Books
 f - a book of Battle

   Spells                             Type                      Level
   a - Infusion                       Charms                       1
   b - Shroud of Golubria             Charms/Translocation         2
   c - Song of Slaying                Charms                       2
   d - Spectral Weapon                Hexes/Charms                 3
   e - Regeneration                   Charms/Necromancy            3
   Trog disapproves of the use of such an item.
Comestibles
 c - 12 bread rations
 g - a meat ration
 j - 14 fruits
 o - 3 beef jerkies
 v - a slice of pizza


   Skills:
 - Level 12.1(10.8) Fighting
 - Level 12.6(11.3) Axes
 + Level 1.8(7.2) Maces & Flails
 + Level 6.6(5.4) Armour
 - Level 4.0(2.9) Dodging


You had 11 spell levels left.
You didn't know any spells.

Dungeon Overview and Level Annotations

Branches:
Dungeon (12/15)            Temple (0/1) D:7            Lair (2/6) D:11
    Orc (1/2) D:11
  Swamp: Lair:2-4    Shoals: Lair:2-4     Snake: Lair:2-4    Spider: Lair:2-4

Altars:
Hepliaklqana
Makhleb
Qazlal

Shops:
D:9 [   D:10 (:**(

Annotations:
D:6 Prince Ribbit
Lair:2 monokles's ghost, journeyman DrMo


Innate Abilities, Weirdness & Mutations

You have razor-sharp toenails.
You are completely covered in rugged brown scales. (AC +3, +7% HP)
You sometimes gain a little power by taking damage.
You are immune to rotting.
You are dopey. (Int -2)
Your magical capacity is low. (-10% MP)
You are covered in fur. (AC +1)
You are weak. (Str -2)


Message History

You hit the six-headed hydra.
The six-headed hydra is moderately wounded.
You impale the six-headed hydra!!
The six-headed hydra is heavily wounded.
The six-headed hydra bites you.
* * * LOW HITPOINT WARNING * * *
The six-headed hydra misses you. The six-headed hydra bites you.
* * * LOW HITPOINT WARNING * * *
The six-headed hydra bites you but does no damage.
The six-headed hydra misses you. The six-headed hydra bites you!
* * * LOW HITPOINT WARNING * * *
You impale the six-headed hydra!!
The six-headed hydra is severely wounded.
The six-headed hydra bites you but does no damage.
The six-headed hydra bites you.
* * * LOW HITPOINT WARNING * * *
The six-headed hydra barely misses you. The six-headed hydra misses you.
The six-headed hydra closely misses you.
The six-headed hydra bites you!
You die...

.....#.>.....#
....)#...###...#
.....##..# ##
.........## ..........#
..........###
............#
.......D...##
.......@...###
..........(##.#
..........####.### ###
...........P###..#####.#
..................#.##..
..[.....#...............
........#..##...........
........#...##########..
.#..#....# #..


You could see a six-headed hydra.

Vanquished Creatures
  The ghost of loom the Severer, a journeyman MiBe of Trog (D:11)
  Erolcha (D:10)
  A hydra (Lair:1)
  The ghost of alp the Carver, a journeyman TeBe of Trog (D:11)
  An unseen horror (D:10)
  A hill giant (D:11)
  A cyclops (D:11)
  The ghost of fatfloppyjuicyveiny the Martial Artist, a novice OpTm (D:6)
  Maurice (D:10)
  A black mamba (Lair:1)
  A gargoyle (D:7)
  A spiny frog (Lair:2)
  A komodo dragon (Lair:1)
  The ghost of fatfloppyjuicyveiny the Transmogrifier, a novice OpTm of Gozag (D:5)
  The ghost of fatfloppyjuicyveiny the Insei, a novice OpTm (D:4)
  4 trolls
  A two-headed ogre (D:11)
  Grinder (D:6)
  3 hippogriffs
  A spriggan (D:7)
  2 wraiths
  2 shadows (D:11)
  Sigmund (D:4)
  13 yaks
  Eustachio (D:6)
  A mottled dragon (D:11)
  2 hungry ghosts
  Edmund (D:4)
  A warg (D:11)
  A porcupine (Lair:1)
  A water moccasin (Lair:1)
  A hornet zombie (D:9)
  3 ice beasts
  4 sky beasts
  3 orc warriors
  An eye of draining (D:11)
  Purgy (Sewer)
  2 necrophages
  2 ogres
  2 centaurs
  A crocodile (Lair:1)
  The ghost of fatfloppyjuicyveiny the Insei, an amateur OpTm (Sewer)
  11 bullfrogs
  A scorpion (D:6)
  6 killer bees (D:11)
  9 wights
  An electric eel (Lair:1)
  A bullfrog zombie (D:5)
  A centaur zombie (D:10)
  3 crimson imps
  5 orc priests
  3 hounds
  7 orc wizards
  Crazy Yiuf (D:5)
  A centaur skeleton (D:9)
  2 iguanas
  13 worker ants
  A hound zombie (D:8)
  3 hound skeletons
  A howler monkey skeleton (D:9)
  A worker ant zombie (D:5)
  20 adders
  3 gnolls (D:5)
  A shadow imp (D:6)
  An ooze (D:3)
  An adder skeleton (D:6)
  4 worms (D:2)
  A dart slug (D:2)
  8 leopard geckos
  45 orcs
  2 ball pythons
  15 giant cockroaches
  10 goblins
  8 hobgoblins
  13 jackals
  9 kobolds
  4 quokkas
  14 bats
  3 frilled lizards
  5 rats
  A fungus (Lair:1)
  A plant (D:3)
312 creatures vanquished.

Vanquished Creatures (others)
  A bush (D:3)
  4 plants (Lair:2)
5 creatures vanquished.

Grand Total: 317 creatures vanquished

Notes
Turn   | Place    | Note
-------+----------+-------------------------------------------
     0 | D:1      | Kloppie the Demonspawn Berserker began the quest for the Orb.
     0 | D:1      | Reached XP level 1. HP: 18/18 MP: 1/1
   103 | D:1      | Gained mutation: You are partially covered in rugged brown scales. (AC +1, +3% HP) [demonic ancestry]
   103 | D:1      | Reached XP level 2. HP: 8/24 MP: 2/2
   985 | D:2      | Reached ** piety under Trog
  1028 | D:2      | Reached XP level 3. HP: 25/29 MP: 3/3
  1039 | D:2      | HP: 1/43 [worm (2)]
  1774 | D:2      | Gained mutation: You sometimes gain a little power by taking damage. [demonic ancestry]
  1774 | D:2      | Reached XP level 4. HP: 25/37 MP: 4/4
  2953 | D:3      | Gained mutation: You have sharp toenails. [demonic ancestry]
  2953 | D:3      | Reached XP level 5. HP: 41/43 MP: 5/5
  4073 | D:4      | Noticed Edmund
  4091 | D:4      | Killed Edmund
  4091 | D:4      | Gained mutation: You are mostly covered in rugged brown scales. (AC +2, +5% HP) [demonic ancestry]
  4091 | D:4      | Reached XP level 6. HP: 51/51 MP: 6/6
  4537 | D:4      | Noticed fatfloppyjuicyveiny's ghost (novice OpTm)
  4551 | D:4      | Killed fatfloppyjuicyveiny's ghost
  4551 | D:4      | Reached skill level 5 in Fighting
  4551 | D:4      | Reached skill level 5 in Axes
  4551 | D:4      | Gained mutation: You are immune to rotting. [demonic ancestry]
  4551 | D:4      | Reached XP level 7. HP: 59/59 MP: 7/7
  5025 | D:4      | Reached *** piety under Trog
  5896 | D:4      | Noticed Sigmund
  5913 | D:4      | Killed Sigmund
  5913 | D:4      | Gained mutation: You are completely covered in rugged brown scales. (AC +3, +7% HP) [demonic ancestry]
  5913 | D:4      | Reached XP level 8. HP: 69/69 MP: 8/8
  6162 | D:5      | Entered Level 5 of the Dungeon
  6219 | D:5      | Found a runed door.
  6418 | D:5      | Noticed fatfloppyjuicyveiny's ghost (novice OpTm)
  6430 | D:5      | Killed fatfloppyjuicyveiny's ghost
  7163 | D:5      | Noticed Crazy Yiuf
  7167 | D:5      | Killed Crazy Yiuf
  7272 | D:6      | Noticed Eustachio
  7283 | D:6      | Killed Eustachio
  7283 | D:6      | Reached **** piety under Trog
  7346 | D:6      | Noticed fatfloppyjuicyveiny's ghost (novice OpTm)
  7352 | D:6      | Killed fatfloppyjuicyveiny's ghost
  7352 | D:6      | Reached XP level 9. HP: 80/80 MP: 9/9
  7435 | D:6      | Noticed Grinder
  7445 | D:6      | Killed Grinder
  7494 | D:6      | Found a glowing drain.
  7588 | Sewer    | Entered a sewer
  7588 | Sewer    | Noticed fatfloppyjuicyveiny's ghost (amateur OpTm)
  7605 | Sewer    | Killed fatfloppyjuicyveiny's ghost
  7744 | Sewer    | Noticed Purgy
  7758 | Sewer    | Killed Purgy
  8020 | D:6      | Reached skill level 5 in Armour
  8055 | D:6      | Noticed Prince Ribbit
  8244 | D:7      | Found a staircase to the Ecumenical Temple.
  8556 | D:7      | Noticed a gargoyle
  8566 | D:7      | Killed a gargoyle
  8648 | D:7      | Found a stormy altar of Qazlal.
  8742 | D:7      | Reached XP level 10. HP: 88/88 MP: 10/10
  9010 | D:7      | Gained mutation: You are covered in fur. (AC +1) [potion of beneficial mutation]
 10021 | D:9      | Reached skill level 10 in Axes
 10131 | D:9      | Found Juusiff's Antique Armour Shop.
 10150 | D:9      | Bought a pair of slimy boots for 228 gold pieces
 10160 | D:9      | Identified the +2 pair of boots "Bihucvur" {Int+3} (You bought it in a shop on level 9 of the Dungeon)
 10351 | D:10     | Entered Level 10 of the Dungeon
 10352 | D:10     | Found Zaaleh's General Store.
 10839 | D:10     | Found Deyrotwa's Antique Weapon Shoppe.
 10855 | D:10     | Bought a potion of curing for 45 gold pieces
 10976 | D:10     | Found Uthuq's Book Emporium.
 10991 | D:10     | Reached ***** piety under Trog
 11015 | D:10     | Found Megab's Weapon Boutique.
 11070 | D:10     | Noticed Maurice
 11185 | D:10     | Noticed Erolcha
 11201 | D:10     | Killed Erolcha
 11248 | D:10     | Killed an unseen horror
 11255 | D:10     | Found a hazy altar of Hepliaklqana.
 11293 | D:10     | Found Pisud's General Store.
 11296 | D:10     | Bought a wand of teleportation (3/9) for 273 gold pieces
 11296 | D:10     | Bought a scroll of enchant armour for 97 gold pieces
 11296 | D:10     | Bought a scroll of fog for 26 gold pieces
 11316 | D:10     | Reached skill level 10 in Fighting
 11411 | D:10     | HP: 2/90 [Maurice/wand of lightning (15)]
 11420 | D:10     | Killed Maurice
 11420 | D:10     | Gained mutation: You have razor-sharp toenails. [demonic ancestry]
 11420 | D:10     | Reached XP level 11. HP: 12/96 MP: 11/11
 11797 | D:11     | Noticed loom's ghost (journeyman MiBe)
 11824 | D:11     | Killed loom's ghost
 11987 | D:11     | Found a staircase to the Lair.
 12394 | D:11     | Noticed a death knight
 12447 | D:11     | Found a staircase to the Orcish Mines.
 12468 | D:11     | Noticed a hill giant
 12478 | D:11     | Killed a hill giant
 12478 | D:11     | Received a gift from Trog
 12513 | D:11     | Gained mutation: Your magical capacity is low. (-10% MP) [potion of mutation]
 12513 | D:11     | Gained mutation: You are weak. (Str -2) [potion of mutation]
 12513 | D:11     | Gained mutation: You are dopey. (Int -2) [potion of mutation]
 12688 | D:11     | Noticed alp's ghost (journeyman TeBe)
 12702 | D:11     | Killed alp's ghost
 13093 | Orc:1    | Entered Level 1 of the Orcish Mines
 13093 | Orc:1    | Noticed an orc sorcerer
 13158 | D:12     | Found a burning altar of Makhleb.
 13384 | Lair:1   | Entered Level 1 of the Lair of Beasts
 13482 | Lair:1   | Received a gift from Trog
 13684 | Lair:1   | Got an iridescent great sword {god gift}
 13685 | Lair:1   | Identified the +7 great sword of Uwnanos {elec, rN++ Int+3} (Trog gifted it to you on level 1 of the Lair of Beasts)
 13742 | Lair:1   | Got a faintly humming scale mail
 13753 | Lair:1   | Identified the cursed +1 scale mail of Ykolomaw {rF+} (You found it on level 1 of the Lair of Beasts)
 13889 | Lair:1   | Noticed an eight-headed hydra
 13909 | Lair:1   | Killed an eight-headed hydra
 13909 | Lair:1   | Reached XP level 12. HP: 22/109 MP: 1/10
 14369 | Lair:1   | Reached skill level 1 in Maces & Flails
 14914 | Lair:2   | Noticed monokles's ghost (journeyman DrMo)
 15614 | Lair:2   | Noticed a six-headed hydra
 15637 | Lair:2   | HP: 8/163 [six-headed hydra (11)]
 15638 | Lair:2   | HP: 2/163 [six-headed hydra (6)]
 15638 | Lair:2   | Slain by a six-headed hydra

Skill      XL: |  1  2  3  4  5  6  7  8  9 10 11 12 |
---------------+-------------------------------------+-----
Armour         | 2 3 4 5 6 |  6.6
Axes           | 3 4 5 7 9 11 12 | 12.6
Fighting       | 4 5 6 8 9 10 12 | 12.1
Dodging        | 4 |  4.0
Maces & Flails | 1 |  1.8

Action                   |  1- 3 |  4- 6 |  7- 9 | 10-12 || total
-------------------------+-------+-------+-------+-------++-------
Melee: Hand axe          |   109 |   287 |   408 |   642 ||  1446
       Kick              |       |    58 |   125 |    22 ||   205
       Dire flail        |       |       |       |    17 ||    17
Invok: Berserk           |     2 |     6 |    12 |    14 ||    34
       Trog's Hand       |     1 |       |     1 |     2 ||     4
  Use: Scroll            |       |       |     3 |     3 ||     6
       Potion            |       |       |     3 |    13 ||    16
 Stab: Sleeping          |       |     1 |     1 |     1 ||     3
       Invisible         |       |       |       |     3 ||     3
  Eat: Chunk             |     5 |    13 |    14 |    28 ||    60
       Meat ration       |       |       |     2 |     3 ||     5
       Royal jelly       |       |       |     1 |       ||     1
Armor: Animal skin       |     6 |       |       |       ||     6
       Leather armour    |    17 |    95 |   111 |    89 ||   312
       Scale mail        |       |       |       |   158 ||   158
Dodge: Dodged            |    76 |   226 |   220 |   357 ||   879
